PCL
HOUSTON HAMMERTIME @ VANCOUVER VIPERS
09/04/2023
 
TOP OF THE 1ST
Houston Hammertime batting - Pitching for Vancouver Vipers : RHP Michael Chapman
Pitching: RHP Michael Chapman
Batting: RHB John Pick 0-0: Foul Ball, location: 2F
0-1: Foul Ball, location: 2F
0-2: Foul Ball, location: 2F
0-2: Ball
1-2: Strikes out swinging
Batting: LHB José Villegas 0-0: Called Strike
0-1: Fly out, F9 (Flyball, 89M)
Batting: LHB Jerry Ritchie 0-0: Called Strike
0-1: Foul Ball, location: 2F
0-2: Foul Ball, location: 2F
0-2: Strikes out swinging
Top of the 1st over - 0 run(s), 0 hit(s), 0 error(s), 0 left on base; Houston 0 - Vancouver 0
BOTTOM OF THE 1ST
Vancouver Vipers batting - Pitching for Houston Hammertime : LHP Martín Reyes
Pitching: LHP Martín Reyes
Batting: SHB Cipriano Soto 0-0: Called Strike
0-1: Called Strike
0-2: Strikes out swinging
Batting: LHB Javier Matos 0-0: Ball
1-0: Foul Ball, location: 2F
1-1: Ball
2-1: Ball
3-1: Called Strike
3-2: Base on Balls
Batting: RHB Enrique Flores 0-0: Fielders Choice at 2nd, 6-4 (Groundball, 6M)
Batting: RHB Lorenzo González 0-0: Swinging Strike
0-1: Called Strike
0-2: SINGLE (Line Drive, 3D)
Enrique Flores to second
Batting: SHB Henry Copeland 0-0: Ball
1-0: DOUBLE (Line Drive, 7LM)
Enrique Flores scores
Lorenzo González to third
Runner from 3rd tries for Home, SAFE, no throw or cutoff
Batting: LHB Ray Spencer 0-0: Ball
1-0: Ball
2-0: Called Strike
2-1: SINGLE (Line Drive, 9S)
Henry Copeland to third
Batting: RHB Marvin Workman 0-0: Called Strike
0-1: Swinging Strike
0-2: Ball
1-2: Ball
2-2: Fly out, F8 (Flyball, 8LS)
Bottom of the 1st over - 2 run(s), 3 hit(s), 0 error(s), 2 left on base; Houston 0 - Vancouver 2
TOP OF THE 2ND
Houston Hammertime batting - Pitching for Vancouver Vipers : RHP Michael Chapman
Batting: SHB Cristo Ontiveros 0-0: Ball
1-0: Ball
2-0: Called Strike
2-1: Ball
3-1: Foul Ball, location: 2F
3-2: Base on Balls
Batting: RHB Mario Beltrán 0-0: Swinging Strike
0-1: Foul Ball, location: 2F
0-2: Strikes out swinging
Batting: LHB Fernando Camacho 0-0: Ball
1-0: Ball
2-0: Called Strike
2-1: Swinging Strike
2-2: Ball
3-2: Base on Balls
Cristo Ontiveros to second
Batting: RHB Moo-hyun Pak 0-0: Ball
1-0: Ball
2-0: Called Strike
2-1: Foul Ball, location: 2F
2-2: 3-RUN HOME RUN (Flyball, 7D), Distance : 388 ft
Batting: LHB Felipe Cruz 0-0: Ball
1-0: Called Strike
1-1: Swinging Strike
1-2: Foul Ball, location: 2F
1-2: Ball
2-2: Ground out 6-3 (Groundball, 4M)
Batting: RHB Luis Barzaga 0-0: Called Strike
0-1: Called Strike
0-2: Fly out, F4 (Popup, 4D)
Top of the 2nd over - 3 run(s), 1 hit(s), 0 error(s), 0 left on base; Houston 3 - Vancouver 2
BOTTOM OF THE 2ND
Vancouver Vipers batting - Pitching for Houston Hammertime : LHP Martín Reyes
Batting: RHB Tomás Estrada 0-0: Called Strike
0-1: SINGLE (Line Drive, 8LS)
Batting: RHB Mario López 0-0: Ball
Tomás Estrada steals 2nd base
1-0: Ball
2-0: Ball
3-0: Base on Balls
Batting: SHB Cipriano Soto 0-0: Called Strike
0-1: Ball
1-1: Foul Ball, location: 2F
1-2: Ball
2-2: Fly out, F6 (Popup, 6MS)
Batting: LHB Javier Matos 0-0: Ball
1-0: Called Strike
1-1: Ball
2-1: Foul Ball, location: 2F
2-2: Ground out 4-3 (Groundball, 4M)
Tomás Estrada to third
Mario López to second
Batting: RHB Enrique Flores 0-0: Ground out 6-3 (Groundball, 6)
Bottom of the 2nd over - 0 run(s), 1 hit(s), 0 error(s), 2 left on base; Houston 3 - Vancouver 2
TOP OF THE 3RD
Houston Hammertime batting - Pitching for Vancouver Vipers : RHP Michael Chapman
Batting: RHB John Pick 0-0: Ball
1-0: Ground out 2-3 (Groundball, 23)
Batting: LHB José Villegas 0-0: SINGLE (Groundball, 3S) (infield hit)
Batting: LHB Jerry Ritchie 0-0: Ball
1-0: Fly out, F8 (Flyball, 8LM)
Batting: SHB Cristo Ontiveros 0-0: Ball
1-0: Foul Ball, location: 2F
1-1: Ball
2-1: SINGLE (Groundball, 4M) (infield hit)
José Villegas to second
Batting: RHB Mario Beltrán 0-0: Ball
1-0: Fly out, F7 (Flyball, 8LS)
Top of the 3rd over - 0 run(s), 2 hit(s), 0 error(s), 2 left on base; Houston 3 - Vancouver 2
BOTTOM OF THE 3RD
Vancouver Vipers batting - Pitching for Houston Hammertime : LHP Martín Reyes
Batting: RHB Lorenzo González 0-0: Called Strike
0-1: Called Strike
0-2: SOLO HOME RUN (Line Drive, 7D), Distance : 381 ft
Batting: SHB Henry Copeland 0-0: Ball
1-0: Ground out 6-3 (Groundball, 6M)
Batting: LHB Ray Spencer 0-0: Ball
1-0: Called Strike
1-1: SINGLE (Line Drive, 8RS)
Batting: RHB Marvin Workman 0-0: Ball
1-0: Grounds into double play, 6-4-3 (Groundball, 6)
Bottom of the 3rd over - 1 run(s), 2 hit(s), 0 error(s), 0 left on base; Houston 3 - Vancouver 3
TOP OF THE 4TH
Houston Hammertime batting - Pitching for Vancouver Vipers : RHP Michael Chapman
Batting: LHB Fernando Camacho 0-0: Ball
1-0: Reached on error, E3 (Groundball, 3L)
Batting: RHB Moo-hyun Pak 0-0: Ball
1-0: Called Strike
1-1: Foul Ball, location: 2F
1-2: Foul Ball, location: 2F
1-2: Ball
2-2: 2-RUN HOME RUN (Flyball, 9D), Distance : 369 ft
Batting: LHB Felipe Cruz 0-0: Called Strike
0-1: Ball
1-1: Fly out, F7 (Flyball, 78D)
Batting: RHB Luis Barzaga 0-0: Ball
1-0: Ball
2-0: Foul Ball, location: 2F
2-1: Ground out 4-3 (Groundball, 4)
Batting: RHB John Pick 0-0: Ball
1-0: Ball
2-0: Called Strike
2-1: Ball
3-1: Called Strike
3-2: Foul Ball, location: 2F
3-2: Base on Balls
Batting: LHB José Villegas 0-0: Fly out, F7 (Flyball, 7S)
Top of the 4th over - 2 run(s), 1 hit(s), 1 error(s), 1 left on base; Houston 5 - Vancouver 3
BOTTOM OF THE 4TH
Vancouver Vipers batting - Pitching for Houston Hammertime : LHP Martín Reyes
Batting: RHB Tomás Estrada 0-0: Ball
1-0: Ball
2-0: Ground out 5-3 (Groundball, 56)
Batting: RHB Mario López 0-0: SINGLE (Groundball, 5D)
Batting: SHB Cipriano Soto 0-0: Called Strike
0-1: Ball
1-1: Fly out, F3 (Popup, 3S)
Batting: LHB Javier Matos 0-0: Ground out 4-3 (Groundball, 4)
Bottom of the 4th over - 0 run(s), 1 hit(s), 0 error(s), 1 left on base; Houston 5 - Vancouver 3
TOP OF THE 5TH
Houston Hammertime batting - Pitching for Vancouver Vipers : RHP Michael Chapman
Batting: LHB Jerry Ritchie 0-0: Ball
1-0: Fly out, F5 (Popup, 5F)
Batting: SHB Cristo Ontiveros 0-0: Ball
1-0: Fly out, F7 (Flyball, 78M)
Batting: RHB Mario Beltrán 0-0: Swinging Strike
0-1: Called Strike
0-2: Foul Ball, location: 2F
0-2: Ball
1-2: Ball
2-2: Ball
3-2: SINGLE (Groundball, 56)
Batting: LHB Fernando Camacho Pickoff Throw to First - Out!
Top of the 5th over - 0 run(s), 1 hit(s), 0 error(s), 0 left on base; Houston 5 - Vancouver 3
BOTTOM OF THE 5TH
Vancouver Vipers batting - Pitching for Houston Hammertime : LHP Martín Reyes
Batting: RHB Enrique Flores 0-0: Ball
1-0: Called Strike
1-1: Ball
2-1: Ball
3-1: Base on Balls
Batting: RHB Lorenzo González 0-0: Ground out 5-3 (Groundball, 56S)
Enrique Flores to second
Batting: SHB Henry Copeland 0-0: Ball
1-0: Fly out, F9 (Flyball, 9M)
Runner from 2nd tags up, SAFE at 3rd with throw
Batting: LHB Ray Spencer 0-0: Foul Ball, location: 2F
0-1: DOUBLE (Groundball, 3L)
Enrique Flores scores
Batting: RHB Marvin Workman 0-0: Ball
1-0: Foul Ball, location: 2F
1-1: Called Strike
1-2: Foul Ball, location: 2F
1-2: Foul Ball, location: 2F
1-2: Ball
2-2: Ball
3-2: Foul Ball, location: 2F
3-2: Foul Ball, location: 2F
3-2: Foul Ball, location: 2F
3-2: Base on Balls
Batting: RHB Tomás Estrada 0-0: Called Strike
0-1: Ball
1-1: Ball
2-1: Fly out, F4 (Line Drive, 4M)
Bottom of the 5th over - 1 run(s), 1 hit(s), 0 error(s), 2 left on base; Houston 5 - Vancouver 4
TOP OF THE 6TH
Houston Hammertime batting - Pitching for Vancouver Vipers : RHP Michael Chapman
Pitching: LHP Kai-ge Hui
Batting: LHB Fernando Camacho 0-0: Foul Ball, location: 2F
0-1: Foul Ball, location: 2F
0-2: Strikes out swinging
Batting: RHB Moo-hyun Pak 0-0: Swinging Strike
0-1: Ball
1-1: Called Strike
1-2: Ball
2-2: Foul Ball, location: 2F
2-2: Ball
3-2: Base on Balls
Pitching: LHP Jack Taylor
Batting: LHB Felipe Cruz 0-0: Called Strike
0-1: Foul Ball, location: 2F
0-2: Foul Ball, location: 2F
0-2: Strikes out looking
Batting: RHB Luis Barzaga 0-0: Called Strike
0-1: SINGLE (Line Drive, 34)
Moo-hyun Pak to second
Runner from 2nd tries for 3rd, SAFE, throw made to third
Batting: RHB John Pick 0-0: Ball
1-0: Swinging Strike
1-1: Foul Ball, location: 2F
1-2: Ball
2-2: Ball
3-2: Foul Ball, location: 2F
3-2: Fly out, F9 (Flyball, 89M)
Top of the 6th over - 0 run(s), 1 hit(s), 0 error(s), 2 left on base; Houston 5 - Vancouver 4
BOTTOM OF THE 6TH
Vancouver Vipers batting - Pitching for Houston Hammertime : LHP Martín Reyes
Pitching: RHP Ramiro Rivera
Batting: RHB Mario López 0-0: Ball
1-0: Ball
2-0: Called Strike
2-1: Ball
3-1: Base on Balls
Batting: SHB Cipriano Soto 0-0: Ball
1-0: Called Strike
1-1: Fly out, F5 (Popup, 5F)
Batting: LHB Javier Matos 0-0: SINGLE (Line Drive, 4MD)
Mario López to second
Batting: RHB Enrique Flores 0-0: Called Strike
0-1: Fielders Choice at 2nd, 3-6 (Groundball, 3)
Mario López to third
Batting: RHB Lorenzo González 0-0: Called Strike
Enrique Flores is caught stealing 2nd base
Bottom of the 6th over - 0 run(s), 1 hit(s), 0 error(s), 0 left on base; Houston 5 - Vancouver 4
TOP OF THE 7TH
Houston Hammertime batting - Pitching for Vancouver Vipers : LHP Jack Taylor
Batting: LHB José Villegas 0-0: Ball
1-0: Foul Ball, location: 2F
Single, Error in OF, E8, batter to second base
Batting: LHB Jerry Ritchie 0-0: Foul Ball, location: 2F
0-1: Foul Ball, location: 2F
0-2: Ball
1-2: Strikes out looking
Batting: SHB Cristo Ontiveros 0-0: Intentional Walk
Batting: RHB Mario Beltrán 0-0: Swinging Strike
0-1: SINGLE (Groundball, 34D)
José Villegas to third
Cristo Ontiveros to second
Batting: LHB Fernando Camacho 0-0: Ball
1-0: Foul Ball, location: 2F
1-1: Ball
2-1: Ball
3-1: Foul Ball, location: 2F
3-2: Grounds into double play, 4-6-3 (Groundball, 4)
Top of the 7th over - 0 run(s), 2 hit(s), 1 error(s), 2 left on base; Houston 5 - Vancouver 4
BOTTOM OF THE 7TH
Vancouver Vipers batting - Pitching for Houston Hammertime : RHP Ramiro Rivera
Batting: RHB Lorenzo González 0-0: Called Strike
0-1: Ball
1-1: Ground out 4-3 (Groundball, 4M)
Batting: SHB Henry Copeland 0-0: Ball
1-0: SINGLE (Line Drive, 4M)
Batting: LHB Ray Spencer 0-0: Ball
1-0: Ball
2-0: Ball
3-0: Base on Balls
Henry Copeland to second
Batting: RHB Marvin Workman 0-0: Called Strike
0-1: Ball
1-1: Swinging Strike
1-2: Strikes out swinging
Pinch Hitting: RHB Dan Tyler 0-0: SINGLE (Groundball, 6D)
Henry Copeland to third
Ray Spencer to second
Runner from 3rd tries for Home, SAFE, no throw or cutoff
Batting: RHB Mario López 0-0: Foul Ball, location: 2F
0-1: Ball
1-1: Ball
2-1: Fielders Choice at 2nd, 5-4 (Groundball, 5)
Bottom of the 7th over - 1 run(s), 2 hit(s), 0 error(s), 1 left on base; Houston 5 - Vancouver 5
TOP OF THE 8TH
Houston Hammertime batting - Pitching for Vancouver Vipers : LHP Jack Taylor
Now in RF: Malcolm Thomas
Batting: RHB Moo-hyun Pak 0-0: Ball
1-0: Swinging Strike
1-1: Ball
2-1: Ball
3-1: Base on Balls
Batting: LHB Felipe Cruz Pickoff Throw to First - Out!
Pinch Hitting: RHB Emílio Carrillo 0-0: Foul Ball, location: 2F
0-1: Called Strike
0-2: Ball
1-2: Foul Ball, location: 2F
1-2: Strikes out swinging
Batting: RHB Luis Barzaga 0-0: Ball
1-0: Ball
2-0: Ball
3-0: SINGLE (Line Drive, 6M)
Pinch Hitting: RHB Gerald Burnett 0-0: Ball
1-0: Ball
2-0: Ground out 5-3 (Groundball, 56S)
Top of the 8th over - 0 run(s), 1 hit(s), 0 error(s), 1 left on base; Houston 5 - Vancouver 5
BOTTOM OF THE 8TH
Vancouver Vipers batting - Pitching for Houston Hammertime : RHP Ramiro Rivera
Pitching: RHP Ricardo Ontiveros
Now at 2B: Emílio Carrillo
Now at 3B: Alberto Cruz
Pinch Hitting: RHB Guillermo Sánchez 0-0: Ball
1-0: Called Strike
1-1: Ball
2-1: Swinging Strike
2-2: Strikes out looking
Batting: LHB Javier Matos 0-0: Ball
1-0: Swinging Strike
1-1: Called Strike
1-2: Foul Ball, location: 2F
1-2: Strikes out swinging
Batting: RHB Enrique Flores 0-0: Ball
1-0: Foul Ball, location: 2F
1-1: Ball
2-1: Ball
3-1: SINGLE (Line Drive, 6MD)
Batting: RHB Lorenzo González 0-0: Fly out, F4 (Popup, 4D)
Bottom of the 8th over - 0 run(s), 1 hit(s), 0 error(s), 1 left on base; Houston 5 - Vancouver 5
TOP OF THE 9TH
Houston Hammertime batting - Pitching for Vancouver Vipers : LHP Jack Taylor
Pitching: RHP José García
Now in CF: Guillermo Sánchez
Batting: LHB José Villegas 0-0: Called Strike
0-1: Ground out 4-3 (Groundball, 4M)
Batting: LHB Jerry Ritchie 0-0: Fly out, F8 (Flyball, 8LD)
Batting: SHB Cristo Ontiveros 0-0: Ball
1-0: Swinging Strike
1-1: Ball
2-1: DOUBLE (Flyball, 7D)
Batting: RHB Mario Beltrán 0-0: Ball
1-0: Foul Ball, location: 2F
1-1: SINGLE (Groundball, 34D)
Cristo Ontiveros to third
Runner from 3rd tries for Home, SAFE, no throw or cutoff
Batting: LHB Fernando Camacho 0-0: Foul Ball, location: 2F
0-1: Ball
1-1: Foul Ball, location: 2F
1-2: Ball
2-2: Foul Ball, location: 2F
2-2: Ground out 3-1 (Groundball, 34)
Top of the 9th over - 1 run(s), 2 hit(s), 0 error(s), 1 left on base; Houston 6 - Vancouver 5
BOTTOM OF THE 9TH
Vancouver Vipers batting - Pitching for Houston Hammertime : RHP Ricardo Ontiveros
Pitching: RHP António Mata
Batting: SHB Henry Copeland 0-0: Foul Ball, location: 2F
0-1: SINGLE (Flyball, 8RS) - OUT at second base trying to stretch hit.
Batting: LHB Ray Spencer 0-0: Foul Ball, location: 2F
0-1: Ball
1-1: Called Strike
1-2: Ball
2-2: Ground out 4-3 (Groundball, 4M)
Batting: RHB Marvin Workman 0-0: Foul Ball, location: 2F
0-1: Ground out 6-3 (Groundball, 6S)
Bottom of the 9th over - 0 run(s), 1 hit(s), 0 error(s), 0 left on base; Houston 6 - Vancouver 5
This league is powered by Out of the Park Baseball, the baseball management simulation game for PC, Mac and Linux
Wednesday, December 2nd, 2015 - OOTP Baseball 16.8 Build 38